 Dungeon Crawl Stone Soup version 0.29.1-13-g9f3cf754e1 (webtiles) character file.

Game seed: 7301020935791908532

9 protoss039 the Digger (level 2, -1/20 HPs)
             Began as a Demonspawn Earth Elementalist on Feb 11, 2023.
             Slain by a goblin
             ... wielding a +0 club
              (3 damage)
             ... on level 2 of the Dungeon.
             The game lasted 00:00:40 (514 turns).

protoss039 the Digger (DsEE)                         Turns: 514, Time: 00:00:41

Health: -1/20      AC:  2    Str:  8    XL:     2   Next: 3%
Magic:  2/5        EV: 12    Int: 16    God:
Gold:   0          SH:  0    Dex: 13    Spells: 4/5 levels left

rFire   . . .      SeeInvis .   (no weapon)
rCold   . . .      Faith    .   (no shield)
rNeg    . . .      Spirit   .   a - +0 robe
rPois   .          Reflect  .   (no helmet)
rElec   .          Harm     .   (no cloak)
rCorr   .          Rampage  .   (no gloves)
Will    .....                   (no boots)
Stlth   ++........              (no amulet)
HPRegen 0.06/turn               (no ring)
MPRegen 0.09/turn               (no ring)

@: no status effects
A: demonic guardian 1
a: no special abilities


You were on level 2 of the Dungeon.
You visited 1 branch of the dungeon, and saw 2 of its levels.

Inventory:

Armour
 a - a +0 robe (worn)
Scrolls
 c - a scroll of identify {unknown}
 d - 2 scrolls of immolation {unknown}
 e - a scroll of fog {unknown}
 f - a scroll of enchant weapon {unknown}
Potions
 b - a potion of magic


   Skills:
 + Level 0.7 Fighting
 - Level 1.7 Dodging
 - Level 1.7 Stealth
 + Level 2.2 Spellcasting
 - Level 0.8 Transmutations
 + Level 2.9 Earth Magic


You had 4 spell levels left.
You knew the following spells:

 Your Spells              Type           Power      Damage    Failure   Level
a - Sandblast             Erth           22%        2d7       6%          1

Your spell library contained the following spells:

 Spells                   Type           Power      Damage    Failure   Level
 Passwall                 Tmut/Erth      5%         N/A       14%         2
 Stone Arrow              Conj/Erth      12%        3d7       32%         3
 Petrify                  Tmut/Erth      7%         N/A       67%         4


Dungeon Overview and Level Annotations

Branches:
Dungeon (1/15) Zot: 11481

Altars:


Innate Abilities, Weirdness & Mutations

A weak demonic guardian rushes to your aid.


Message History

You hit the frilled lizard.
The frilled lizard is heavily wounded.
The frilled lizard closely misses you.
You barely miss the frilled lizard.
The frilled lizard is heavily wounded.
The frilled lizard barely misses you.
You barely miss the frilled lizard.
The frilled lizard is heavily wounded.
The frilled lizard completely misses you.
You barely miss the frilled lizard.
The frilled lizard is heavily wounded.
The frilled lizard barely misses you.
You miss the frilled lizard.
The frilled lizard is heavily wounded.
The frilled lizard bites you.
You hit the frilled lizard.
You kill the frilled lizard!
A bat comes into view.
You see here a giant cockroach corpse.
You open the door.
Found 15 gold pieces.
A goblin comes into view. It is wielding a +0 club.
There is an open door here.
The bat barely misses you.
The goblin shouts!
The bat closely misses you. The goblin hits you with a +0 club.
The bat barely misses you. The bat attacks as you move away! The bat hits you.
The bat misses you. The bat barely misses you.
You see here 15 gold pieces.
You open the door. The bat closely misses you. The bat misses you.
The goblin hits you with a +0 club.
* * * LOW HITPOINT WARNING * * *
A demonic guardian appears!
The goblin hits you with a +0 club.
* * * LOW HITPOINT WARNING * * *
The bat closely misses you.
There is an open door here.
The goblin attacks as you move away! The goblin hits you with a +0 club.
You die...

^.......†#...#
#.....#...>#
#.....#.##.#
#.....#.##'#+#+##
#.....#.#.......#
#.....#.#.......# .
#.....#.#.......# ...
#.....#........5###.....
##+#####.......g@.......
#.......b########
#........# #........#
#........+ #........#
#.######.# #. #.# #.#


You could see a goblin (ally target), a bat and a friendly iron imp (summoned).

Vanquished Creatures
  An endoplasm (D:2)
  A giant cockroach (D:2)
  2 hobgoblins
  2 frilled lizards
  2 kobolds (D:1)
8 creatures vanquished.

Notes
Turn   | Place    | Note
-------+----------+-------------------------------------------
     0 | D:1      | protoss039 the Demonspawn Earth Elementalist began the
                  | quest for the Orb.
     0 | D:1      | Reached XP level 1. HP: 13/13 MP: 3/3
   467 | D:1      | You fall into a shaft and drop 1 floor!
   486 | D:2      | Gained mutation: A weak demonic guardian rushes to your
                  | aid. [demonic ancestry]
   486 | D:2      | Reached XP level 2. HP: 15/20 MP: 0/5
   514 | D:2      | Slain by a goblin

Illustrated notes

Levels and vault maps discovered:
D:1:      matt_arrival_spirals, layout_loops_ring,
          ebering_ecumenical_altar_sacrificial, serial_shops, shop
D:2:      layout_basic

Action                   || total
-------------------------++-------
Melee: Unarmed           ||    19
 Cast: Sandblast         ||     9
Dodge: Dodged            ||    20
